 Dungeon Crawl Stone Soup version 0.20.0-10-g0535bb4 (webtiles) character file.

6783 Raukatau the Severer (level 10, -7/84 HPs)
             Began as a Minotaur Berserker on June 7, 2017.
             Was a High Priest of Trog.
             Killed from afar by a gargoyle (23 damage)
             ... with a stone arrow
             ... on level 10 of the Dungeon.
             The game lasted 00:34:37 (8420 turns).

Raukatau the Severer (Minotaur Berserker)           Turns: 8420, Time: 00:34:37

Health: -7/84      AC: 17    Str: 25    XL:     10   Next: 76%
Magic:  9/9        EV:  9    Int:  6    God:    Trog [*****.]
Gold:   82         SH:  0    Dex: 14    Spells: 9/9 levels left

rFire    . . .     SeeInvis .   a - +0 hand axe
rCold    . . .     Gourm    .   (no shield)
rNeg     . . .     Faith    .   v - +5 chain mail of the Gate {rElec Dex+2}
rPois    +         Spirit   .   (helmet restricted)
rElec    +         Reflect  .   (no cloak)
rCorr    .         Harm     .   G - +1 pair of gloves
MR       .....                  (no boots)
Stlth    ..........             N - amulet "Neicy" {rElec Regen+ Str+4 Stlth-}
Regen    0.7/turn               w - ring of poison resistance
MPRegen  0.2/turn               (no ring)

@: berserk cooldown, slowed, drained, very slow
A: retaliatory headbutt, horns 2
a: Berserk, Trog's Hand, Brothers in Arms, Burn Spellbooks, Renounce Religion


You were on level 10 of the Dungeon.
You worshipped Trog.
Trog was extremely pleased with you.
You were near starving.

You visited 1 branch of the dungeon, and saw 10 of its levels.

You collected 643 gold pieces.
You spent 561 gold pieces at shops.

Inventory:

Hand Weapons
 a - a +0 hand axe (weapon)
 b - the +4 hunting sling "Unucs" {venom, Int+2}
   (You found it on level 8 of the Dungeon)

   It poisons the ammo it fires.
   It affects your intelligence (+2).
 y - a cursed +4 halberd
 H - a +0 trident
Missiles
 g - 76 sling bullets
 o - 334 stones
 q - 11 tomahawks (quivered)
 Q - a throwing net
Armour
 v - the +5 chain mail of the Gate (worn) {rElec Dex+2}
   (You found it on level 5 of the Dungeon)

   It affects your dexterity (+2).
   It insulates you from electricity.
 G - a +1 pair of gloves (worn)
 M - a +0 buckler
Jewellery
 h - an uncursed ring of protection from fire
 r - an uncursed amulet of the gourmand {unknown}
 w - a ring of poison resistance (left hand)
 z - a +2 amulet of reflection
 D - an uncursed ring of magical power
 N - the amulet "Neicy" (around neck) {rElec Regen+ Str+4 Stlth-}
   (You bought it in a shop on level 9 of the Dungeon)

   [amulet of regeneration]

   It affects your strength (+4).
   It insulates you from electricity.
   It increases your rate of regeneration.
   It makes you less stealthy.
 O - a +5 ring of dexterity
Wands
 e - a wand of scattershot (4/9)
 u - a wand of paralysis (9/24)
 F - a wand of acid (12/15)
 I - a wand of disintegration (21/24)
 J - a wand of confusion (17/48)
Scrolls
 d - 2 scrolls of teleportation
 i - 3 scrolls of enchant armour
 m - a scroll of remove curse
 s - 4 scrolls of amnesia {unknown}
 t - 2 scrolls of immolation {unknown}
 B - a scroll of noise {unknown}
 C - a scroll of enchant weapon {unknown}
 K - 2 scrolls of identify
Potions
 j - 2 potions of might {unknown}
 k - 3 potions of curing
 l - a potion of cancellation {unknown}
 x - 3 potions of lignification {unknown}
 E - a potion of haste {unknown}
 L - a potion of heal wounds {unknown}
 P - a potion of magic {unknown}
Books
 A - a book of Necromancy

   Spells                             Type                      Level
   a - Pain                           Necromancy                   1
   b - Animate Skeleton               Necromancy                   1
   c - Vampiric Draining              Necromancy                   3
   d - Regeneration                   Charms/Necromancy            3
   e - Animate Dead                   Necromancy                   4
   f - Control Undead                 Necromancy                   4
   Trog disapproves of the use of such an item.
Comestibles
 c - 6 bread rations
 f - 4 royal jellies
 p - 3 meat rations


   Skills:
 + Level 6.8(6.6) Fighting
 + Level 16.9(16.5) Axes
 + Level 6.3(6.0) Armour
 - Level 2.1(1.9) Dodging


You had 9 spell levels left.
You didn't know any spells.

Dungeon Overview and Level Annotations

Branches:
Dungeon (10/15)            Temple (0/1) D:4            Lair (0/6) D:10
    Orc (0/2) D:10

Altars:
Cheibriados
Dithmenos
Sif Muna
Uskayaw
Xom
Yredelemnul
Zin
The Shining One

Shops:
D:9 *


Innate Abilities, Weirdness & Mutations

You reflexively headbutt those who attack you in melee.
You have a pair of horns on your head.


Message History

You headbutt the gargoyle, but do no damage.
The gargoyle is severely damaged.
The gargoyle hurls a stone arrow at you.
The stone arrow hits you!
You hit the gargoyle but do no damage.
The gargoyle is severely damaged.
The gargoyle hurls a stone arrow at you.
The stone arrow hits you!
You hit the gargoyle but do no damage.
The gargoyle is severely damaged.
The gargoyle hurls a stone arrow at you.
The stone arrow hits you!
* * * LOW HITPOINT WARNING * * *
Okay, then.
You fail to use your ability.
The gargoyle barely misses you.
Your troll goes berserk!
You are near starving!
The gargoyle hurls a stone arrow at you.
The stone arrow hits you!
You die...

..# ##########..#
...........#####
...........%.>.
#.............
#.....T.......
#...).........
###########...).@9......
.....(..................
........................
........################
.......)# ..(.....#
.......(# ..
.......(#########
######. ................
......


You could see a gargoyle and a friendly troll (berserk).

Vanquished Creatures
  The ghost of DrakieV the Spear-Bearer, a novice MfGl of Ru (D:8)
  An unseen horror (D:9)
  Pikel (D:8)
  The ghost of Gottschkopf the Fighter, a novice MiFi of Yredelemnul (D:3)
  2 komodo dragons (D:10)
  Grinder (D:4)
  A spriggan (D:7)
  4 wyverns
  A basilisk (D:10)
  2 orc warriors
  A phantom (D:6)
  A swamp drake (D:10)
  2 black bears
  An eye of draining (D:10)
  3 ogres
  3 centaurs
  A big kobold (D:10)
  A gnoll sergeant (D:9)
  6 bullfrogs
  A wyvern skeleton (D:7)
  2 scorpions
  A jelly (D:8)
  7 wights
  A howler monkey (D:4)
  4 crimson imps
  A quasit (D:9)
  A centaur zombie (D:9)
  2 centaur skeletons
  4 orc priests
  2 bullfrog skeletons
  6 hounds
  3 iguanas
  4 orc wizards
  4 worker ants
  A killer bee zombie (D:9)
  2 hound skeletons
  A worker ant zombie (D:7)
  7 gnolls
  8 adders
  A shadow imp (D:6)
  5 worms
  A dart slug (D:2)
  4 leopard geckos
  19 orcs
  2 ball pythons
  7 giant cockroaches
  8 goblins
  10 hobgoblins
  8 jackals
  5 quokkas
  9 bats
  9 frilled lizards
  8 kobolds
  8 rats
200 creatures vanquished.

Notes
Turn   | Place    | Note
-------+----------+-------------------------------------------
     0 | D:1      | Raukatau the Minotaur Berserker began the quest for the Orb.
     0 | D:1      | Reached XP level 1. HP: 19/19 MP: 0/0
   211 | D:1      | Reached skill level 4 in Axes
   235 | D:1      | Reached XP level 2. HP: 25/26 MP: 1/1
   472 | D:1      | Reached skill level 5 in Axes
   543 | D:1      | Reached XP level 3. HP: 31/31 MP: 2/2
   844 | D:2      | Reached ** piety under Trog
  1038 | D:2      | Found a glowing silver altar of Zin.
  1041 | D:2      | Found a hide-covered altar of Uskayaw.
  1166 | D:2      | Found a deep blue altar of Sif Muna.
  1167 | D:2      | Found a glowing golden altar of the Shining One.
  1167 | D:2      | Found a shimmering altar of Xom.
  1637 | D:2      | Reached XP level 4. HP: 38/39 MP: 3/3
  1896 | D:2      | Reached skill level 6 in Axes
  2201 | D:3      | Noticed Gottschkopf's ghost (novice MiFi)
  2232 | D:3      | Killed Gottschkopf's ghost
  2232 | D:3      | Reached skill level 9 in Axes
  2232 | D:3      | Reached XP level 5. HP: 45/45 MP: 4/4
  2232 | D:3      | Reached XP level 6. HP: 51/51 MP: 5/5
  2462 | D:3      | You fall through a shaft!
  2498 | D:4      | Reached XP level 7. HP: 54/57 MP: 6/6
  2541 | D:4      | Found a staircase to the Ecumenical Temple.
  2941 | D:4      | Noticed Grinder
  2941 | D:4      | Paralysed by Grinder for 4 turns
  2953 | D:4      | Killed Grinder
  2953 | D:4      | Reached skill level 10 in Axes
  3100 | D:4      | Reached skill level 11 in Axes
  3470 | D:4      | Found a snail-covered altar of Cheibriados.
  3611 | D:5      | Entered Level 5 of the Dungeon
  3611 | D:5      | Found a basalt altar of Yredelemnul.
  3635 | D:5      | Reached XP level 8. HP: 64/64 MP: 7/7
  3729 | D:5      | Got a warped chain mail
  3769 | D:5      | Identified the +5 chain mail of the Gate {rElec Dex+2} (You found it on level 5 of the Dungeon)
  3798 | D:5      | Reached *** piety under Trog
  4140 | D:6      | Reached skill level 12 in Axes
  4603 | D:6      | Reached skill level 13 in Axes
  5095 | D:7      | Reached **** piety under Trog
  5187 | D:7      | Reached XP level 9. HP: 70/70 MP: 8/8
  5302 | D:7      | Reached skill level 14 in Axes
  5889 | D:8      | Got a pitted hunting sling
  6005 | D:8      | Noticed Pikel
  6025 | D:8      | Killed Pikel
  6025 | D:8      | Reached skill level 15 in Axes
  6392 | D:8      | Noticed DrakieV's ghost (novice MfGl)
  6408 | D:8      | Killed DrakieV's ghost
  6408 | D:8      | Reached skill level 16 in Axes
  6462 | D:8      | Found a shadowy altar of Dithmenos.
  6803 | D:8      | Reached XP level 10. HP: 70/78 MP: 9/9
  6858 | D:9      | Found Ilopsuffa's General Store.
  6899 | D:9      | Killed an unseen horror
  7145 | D:9      | Identified the +4 hunting sling "Unucs" {venom, Int+2} (You found it on level 8 of the Dungeon)
  7261 | D:9      | Reached skill level 5 in Fighting
  7473 | D:9      | Bought the amulet "Neicy" {rElec Regen+ Str+4 Stlth-} for 561 gold pieces
  7565 | D:9      | Found a snail-covered altar of Cheibriados.
  7600 | D:9      | Reached ***** piety under Trog
  7756 | D:10     | Entered Level 10 of the Dungeon
  8026 | D:10     | Reached skill level 5 in Armour
  8204 | D:10     | Found a staircase to the Lair.
  8364 | D:10     | Found a staircase to the Orcish Mines.
  8403 | D:10     | Noticed a gargoyle
  8420 | D:10     | Killed from afar by a gargoyle

Skill      XL: |  1  2  3  4  5  6  7  8  9 10 |
---------------+-------------------------------+-----
Axes           | 4 5 9 11 13 16 | 16.9
Fighting       | 6 |  6.8
Armour         | 6 |  6.3
Dodging        | |  2.1

Action                   |  1- 3 |  4- 6 |  7- 9 | 10-12 || total
-------------------------+-------+-------+-------+-------++-------
Melee: Hand axe          |    80 |    44 |   298 |   186 ||   608
       Headbutt          |    10 |    12 |    78 |    50 ||   150
 Fire: Hunting sling     |       |       |       |    11 ||    11
Invok: Berserk           |     3 |     2 |     8 |     7 ||    20
       Trog's Hand       |       |     1 |     1 |       ||     2
       Burn Spellbooks   |       |       |     1 |       ||     1
       Brothers in Arms  |       |       |       |     1 ||     1
  Use: Scroll            |       |       |     7 |     2 ||     9
  Eat: Chunk             |     5 |     5 |    17 |     4 ||    31
       Royal jelly       |       |       |     1 |     1 ||     2
       Fruit             |       |       |     3 |       ||     3
       Bread ration      |       |       |       |     1 ||     1
Armor: Animal skin       |     9 |       |       |       ||     9
       Scale mail        |     7 |    15 |    16 |       ||    38
       Ring mail         |     2 |       |       |       ||     2
       Chain mail        |       |       |    89 |    72 ||   161
Dodge: Dodged            |    37 |    21 |    71 |    43 ||   172
Block: Other             |       |       |     5 |     9 ||    14
